 Dungeon Crawl Stone Soup version 0.22.1-1-ga44c0e5 (webtiles) character file.

233 tifemel the Covered (level 5, -4/48 HPs)
             Began as a Minotaur Fighter on Sept 30, 2018.
             Splashed by a jelly's acid (7 damage)
             ... on level 5 of the Dungeon.
             The game lasted 00:05:32 (2857 turns).

tifemel the Covered (Minotaur Fighter)              Turns: 2857, Time: 00:05:33

Health: -4/48      AC: 23    Str: 21    XL:     5   Next: 74%
Magic:  4/4        EV:  7    Int:  5    God:
Gold:   155        SH:  0    Dex: 10    Spells: 4/4 levels left

rFire    . . .     SeeInvis .   a - +0 war axe
rCold    . . .     Gourm    .   (no shield)
rNeg     . . .     Faith    .   w - +12 chain mail "Mukhlan" {MR+}
rPois    .         Spirit   .   (helmet restricted)
rElec    .         Reflect  .   x - +0 cloak
rCorr    .         Harm     .   (no gloves)
MR       +....                  (no boots)
Stlth    ..........             (no amulet)
HPRegen  0.16/turn              (no ring)
MPRegen  0.09/turn              (no ring)

@: no status effects
A: retaliatory headbutt, horns 2
a: no special abilities


You were on level 5 of the Dungeon.
You were hungry.

You visited 1 branch of the dungeon, and saw 5 of its levels.

You collected 155 gold pieces.

Inventory:

Hand Weapons
 a - a +0 war axe (weapon)
Missiles
 o - 96 arrows
Armour
 b - a +0 scale mail
 c - a +0 shield
 g - a +0 ring mail
 r - a +0 plate armour
 w - the +12 chain mail "Mukhlan" (worn) {MR+}
   (You took it off an orc on level 3 of the Dungeon)

   It affects your resistance to hostile enchantments.
 x - a +0 cloak (worn)
Jewellery
 m - an uncursed ring of stealth {unknown}
 u - a cursed -2 ring of protection {unknown}
 y - an uncursed amulet of the gourmand {unknown}
Wands
 p - a wand of iceblast (12)
Scrolls
 e - 4 scrolls of remove curse {unknown}
 j - a scroll of fog {unknown}
 k - 2 scrolls of teleportation {unknown}
 n - a scroll of blinking {unknown}
 q - a scroll of amnesia {unknown}
 s - 5 scrolls of identify {unknown}
 v - a scroll of enchant weapon {unknown}
 z - a scroll of random uselessness {unknown}
 A - a scroll of immolation {unknown}
Potions
 d - 2 potions of might
 h - 2 potions of magic {unknown}
 i - 2 potions of brilliance {unknown}
 l - a potion of mutation {unknown}
 t - a potion of haste {unknown}
Comestibles
 f - 7 rations


   Skills:
 + Level 5.4 Fighting
 + Level 4.6 Axes
 + Level 5.4 Armour
 - Level 3.6 Shields


You had 4 spell levels left.
You didn't know any spells.
Your spell library was empty.

Dungeon Overview and Level Annotations

Branches:
Dungeon (5/15)
 Temple: D:4-7

Altars:
Dithmenos
Elyvilon
Fedhas
Qazlal
Xom
Beogh

Annotations:
D:5 Menkaure


Innate Abilities, Weirdness & Mutations

You reflexively headbutt those who attack you in melee.
You have a pair of horns on your head.


Message History

Menkaure sighs drily.
Menkaure hits you but does no damage. Menkaure barely misses you.
The iguana bites you but does no damage.
You hit Menkaure but do no damage.
Menkaure is almost destroyed.
You hit the iguana.
Menkaure points at you and mumbles some strange words.
You resist with some effort. The iguana bites you. Menkaure hits you!
You barely miss Menkaure.
You headbutt Menkaure, but do no damage.
Menkaure is almost destroyed.
You closely miss the shadow imp. You hit the iguana. The iguana bites you!
* * * LOW HITPOINT WARNING * * *
Menkaure hits you.
* * * LOW HITPOINT WARNING * * *
The shadow imp hits you but does no damage.
The iguana barely misses you. The jelly hits you.
* * * LOW HITPOINT WARNING * * *
You are splashed with acid!
The acid burns!
You die...

.. #. ..## # ..
.... #.## ##.
..... ...##..
#...#
#....##...###
#..M.!......#
#..J@5......#
#...l<......<
...............#
####...##.......
#... .......
#... #######
####


You could see Menkaure, an iguana, a jelly and a shadow imp.

Vanquished Creatures
  The ghost of emiel the Gusty, a weakling OgAE (D:3)
  An orc priest (D:3)
  2 iguanas (D:4)
  4 adders
  An adder skeleton (D:4)
  A worm (D:2)
  2 dart slugs (D:2)
  2 leopard geckos (D:1)
  10 orcs (D:3)
  3 ball pythons (D:2)
  4 bats
  4 giant cockroaches
  4 goblins
  A hobgoblin (D:2)
  4 jackals (D:2)
  5 kobolds
  A quokka (D:2)
  3 frilled lizards
  A leopard gecko skeleton (D:4)
  4 rats
  A plant (D:1)
59 creatures vanquished.

Vanquished Creatures (others)
  3 jackals (D:4)
  A quokka (D:4)
  A plant (D:1)
5 creatures vanquished.

Grand Total: 64 creatures vanquished

Notes
Turn   | Place    | Note
-------+----------+-------------------------------------------
     0 | D:1      | tifemel the Minotaur Fighter began the quest for the Orb.
     0 | D:1      | Reached XP level 1. HP: 19/19 MP: 0/0
   546 | D:1      | Reached XP level 2. HP: 27/27 MP: 1/1
   794 | D:2      | Reached XP level 3. HP: 33/33 MP: 2/2
   970 | D:2      | Found a shimmering altar of Xom.
   972 | D:2      | Found a shadowy altar of Dithmenos.
  1137 | D:2      | Found a faded altar of an unknown god.
  1233 | D:2      | Reached XP level 4. HP: 37/41 MP: 3/3
  1384 | D:3      | Found a stormy altar of Qazlal.
  1533 | D:3      | Found a blossoming altar of Fedhas.
  2000 | D:3      | Found a runed gate.
  2000 | D:3      | Noticed emiel's ghost (weakling OgAE)
  2001 | D:3      | Found a runed gate.
  2002 | D:3      | Found a roughly hewn altar of Beogh.
  2002 | D:3      | Found a runed gate.
  2022 | D:3      | Killed emiel's ghost
  2038 | D:3      | Reached XP level 5. HP: 30/47 MP: 4/4
  2040 | D:3      | Reached skill level 5 in Fighting
  2045 | D:3      | Reached skill level 5 in Armour
  2050 | D:3      | Got a bloodstained chain mail
  2084 | D:3      | Identified the +12 chain mail "Mukhlan" {MR+} (You took it
                  | off an orc on level 3 of the Dungeon)
  2603 | D:4      | Found a white marble altar of Elyvilon.
  2850 | D:5      | Entered Level 5 of the Dungeon
  2850 | D:5      | Noticed Menkaure
  2857 | D:5      | Splashed by a jelly's acid

Skill      XL: |  1  2  3  4  5 |
---------------+----------------+-----
Fighting       | 4 5 |  5.4
Armour         | 4 5 |  5.4
Axes           | 3 4 |  4.6
Shields        | |  3.6

Action                   |  1- 3 |  4- 6 || total
-------------------------+-------+-------++-------
Melee: War axe           |    83 |    73 ||   156
       Headbutt          |    16 |    14 ||    30
  Eat: Chunk             |     1 |     1 ||     2
       Ration            |       |     1 ||     1
Armor: Scale mail        |    35 |       ||    35
       Plate armour      |       |    14 ||    14
       Chain mail        |       |    26 ||    26
Dodge: Dodged            |    36 |    32 ||    68
